Map: Dreamcatcher LE

Players

Jon

  • Race: Terran Terran
  • League: Gold
  • Spawn Location: 5:00

Test - Winner!

  • Race: Terran Terran
  • Spawn Location: 11:00

VOD

Have the link to the VOD?

Description

Time

  • Played on: May 15, 2018, 5:24 p.m.
  • Length: 5:41
Show
View Real Time Build Order
Export as new Build Order

Jon Terran 

Build Orders:  

Get SALT Encoding   

  12  0:03  SCV  
  13  0:15  SCV  
  14  0:26  Supply Depot  
  14  0:27  SCV  
  15  0:47  SCV  
  16  0:50  Barracks  
  16  0:59  SCV  
  17  1:12  SCV  
  17  1:13  Refinery  
  18  1:24  Supply Depot  
  18  1:28  SCV  
  19  1:37  Marine  
  20  1:40  SCV  
  21  1:51  Command Center  
  21  1:54  SCV  
  21  1:55  Marine  
  23  2:07  Refinery  
  23  2:15  Engineering Bay  
  23  2:17  Orbital Command  
  23  2:21  Marine  
  24  2:39  Marine  
  25  2:44  Factory  
  25  2:47  SCV  
  26  2:59  SCV  
  27  3:11  SCV  
  28  3:14  Missile Turret  
  28  3:21  Marine  
  28  3:25  SCV  
  30  3:30  Refinery  
  30  3:34  SCV  
  30  3:36  Factory Tech Lab  
  30  3:37  SCV  
  30  3:40  Marine  
  33  3:41  Bunker  
  33  3:46  Hi-Sec Auto Tracking, Starport  
  33  3:50  Missile Turret  
  33  3:51  SCV  
  34  3:57  Planetary Fortress  
  34  3:58  Marine  
  35  4:06  SCV, Missile Turret  
  36  4:10  Widow Mine  
  36  4:15  Missile Turret  
  38  4:23  Missile Turret  
  38  4:25  Starport Tech Lab  
  38  4:35  SCV  
  38  4:36  Missile Turret  
  39  4:39  Missile Turret  
  39  4:48  SCV  
  39  4:51  Marine  
  39  4:52  Bunker  
  39  4:57  Siege Tank  
Show
View Real Time Build Order
Export as new Build Order

Test Terran - Winner!

Build Orders:  

Get SALT Encoding   

  12  0:00  SCV  
  13  0:13  SCV  
  14  0:17  Supply Depot  
  14  0:25  SCV  
  15  0:30  Refinery  
  15  0:39  SCV  
  16  0:47  Barracks  
  16  0:55  SCV  
  17  1:09  SCV  
  17  1:10  Barracks  
  18  1:28  Barracks  
  18  1:36  Marine  
  18  1:39  SCV  
  20  1:54  Marine  
  20  1:55  SCV  
  20  1:58  Barracks Reactor, Supply Depot  
  22  2:05  Engineering Bay  
  23  2:17  Barracks Tech Lab  
  22  2:27  Barracks Reactor  
  22  2:33  Barracks, Orbital Command  
  22  2:43  Marine x2  
  24  2:47  Stimpack  
  24  2:48  Marine  
  25  3:01  Marine x2  
  25  3:05  Marine, Supply Depot  
  27  3:07  Marine  
  27  3:11  Marine  
  30  3:19  Marine  
  31  3:26  Marine  
  32  3:28  Supply Depot  
  32  3:29  Barracks Reactor  
  32  3:33  Marine x2  
  34  3:36  Marine  
  35  3:43  Terran Infantry Weapons Level 1  
  35  3:45  Marine  
  36  3:50  Marine  
  36  3:51  Marine  
  38  3:57  Marine x2  
  40  4:03  Supply Depot  
  40  4:11  Marine x3  
  43  4:19  Marine x3  
  43  4:20  Marine  
  47  4:28  Marine  
  47  4:29  Marine  
  49  4:31  Marine  
  49  4:37  Marine x2  
  52  4:43  Marine  
  54  4:46  Marine  
  55  4:57  Marine, Supply Depot  
  55  5:02  Marine  
  51  5:15  Marine x3  
  51  5:16  Marine  
  51  5:18  Marine x2  
  56  5:22  Marine  
Tags
 
League
Gold
Matchup
TvT
Race
Terran
Spawn Locations
Cross Positions
Add a new tag
Caveats
  • Supply blocks, unpowered buildings, or Contaminate may cause inaccurate times.
  • Supply counts are checked every 10 seconds.